 Dungeon Crawl Stone Soup version 0.29-a0-670-g5ff2a30383 (webtiles) character file.

Game seed: 4972414593744101898

2968 Cthan the Thaumaturge (level 9, 0/51 (58) HPs)
             Began as a Merfolk Ice Elementalist on June 24, 2022.
             Was a Priest of Ashenzari.
             Slain by a wight
             ... wielding a +3 war axe of freezing
              (2 damage)
             ... on level 7 of the Dungeon.
             The game lasted 01:05:38 (11793 turns).

Cthan the Thaumaturge (Merfolk Ice Elementalist)   Turns: 11793, Time: 01:05:40

HP:   0/51 (58)     AC: 11    Str: 15    XL:     9   Next: 82%
MP:   13/22         EV: 13    Int: 18    God:    Ashenzari [***...]
Gold: 269           SH:  0    Dex: 14    Spells: 10/27 levels left

rFire   . . .      SeeInvis +   a - +0 short sword "Gloom of Ashenzari" {Bglg, Comp} (curse)
rCold   . . .      Faith    .   (no shield)
rNeg    . . .      Spirit   .   c - +0 robe of Ashenzari's Affliction {Self, Cun} (curse)
rPois   .          Reflect  .   s - +0 helmet "Prescient Morality" {Cun, Bglg} (curse)
rElec   .          Harm     .   (no cloak)
rCorr   .          Rampage  .   (no gloves)
Will    +....      Clarity  +   (no boots)
Stlth   +++.......              (no amulet)
HPRegen 0.17/turn               l - ring of Desmomancy {Str+6, Elem, Range} (curse)
MPRegen 0.18/turn               n - ring of the Tethered Paranoia {Will+, Comp, Fort} (curse)

@: ice-armoured, freezing walls, heavily drained
A: (nimble swimmer 2), mertail
a: Renounce Religion, Curse Item, Shatter the Chains


You were on level 7 of the Dungeon.
You worshipped Ashenzari.
Ashenzari was most pleased with you.
You visited 1 branch of the dungeon, and saw 7 of its levels.

You collected 269 gold pieces.

Inventory:

Hand Weapons
 a - the cursed +0 short sword "Gloom of Ashenzari" (weapon) {Bglg, Comp}
   (You found it on level 1 of the Dungeon)

   It has a curse which improves the following skills: Beguiling: Conjurations,
   Hexes and Translocations.
   Companions: Summonings and Necromancy.
 o - a +0 trident
Missiles
 h - 16 poisoned darts (quivered)
 v - a throwing net
Armour
 c - the cursed +0 robe of Ashenzari's Affliction (worn) {Self, Cun}

   It has a curse which improves the following skills: Introspection: Fighting
   and Spellcasting.
   Cunning:   Dodging and Stealth.
 j - a +2 robe of cold resistance
 s - the cursed +0 helmet "Prescient Morality" (worn) {Cun, Bglg}
   (You found it on level 4 of the Dungeon)

   It has a curse which improves the following skills: Cunning: Dodging and
   Stealth.
   Beguiling: Conjurations, Hexes and Translocations.
Magical Staves
 b - a staff of death
Jewellery
 l - the cursed ring of Desmomancy (left hand) {Str+6, Elem, Range}
   (You took it off a kobold on level 2 of the Dungeon)

   [ring of strength]

   Str:       It affects your strength (+6).
   It has a curse which improves the following skills: Elements: Fire Magic, Ice
   Magic, Air Magic and Earth Magic.
   Ranged Combat: Slings, Bows, Crossbows and Throwing.
 n - the cursed ring of the Tethered Paranoia (right hand) {Will+, Comp, Fort}
   (You found it on level 3 of the Dungeon)

   [ring of willpower]

   Will:      It increases your willpower.
   It has a curse which improves the following skills: Companions: Summonings
   and Necromancy.
   Fortitude: Armour and Shields.
 p - a +6 ring of dexterity
 x - a ring of resist corrosion
Scrolls
 d - 10 scrolls of identify
 e - 4 scrolls of teleportation
 f - 3 scrolls of enchant armour
 i - 2 scrolls of fog
 k - a scroll of amnesia
 m - a scroll of silence
 u - a scroll of enchant weapon
Potions
 g - 2 potions of magic
 q - 3 potions of brilliance
 r - 2 potions of mutation
 t - a potion of berserk rage
 w - a potion of haste


   Skills:
 - Level 0.1(0.3) Fighting
 - Level 0.5 Short Blades
 - Level 2.6(4.6) Dodging
 - Level 2.1(4.0) Stealth
 + Level 8.0(9.6) Spellcasting
 + Level 3.9(6.2) Conjurations
 - Level 6.7(8.4) Ice Magic
 - Level 2.6(4.0) Air Magic
 + Level 7.3 Poison Magic


You had 10 spell levels left.
You knew the following spells:

 Your Spells              Type           Power      Damage    Failure   Level
a - Freeze                Ice            100%       1d11      1%          1
b - Frozen Ramparts       Ice            76%        1d9       1%          3
c - Ozocubu's Armour      Ice            38%        N/A       1%          3
d - Mephitic Cloud        Conj/Pois/Air  29%        N/A       2%          3
e - Ignite Poison         Fire/Tmut/Pois 17%        N/A       9%          3
f - Hailstorm             Conj/Ice       34%        3d9       4%          4

Your spell library contained the following spells:

 Spells                   Type           Power      Damage    Failure   Level
 Blink                    Tloc           18%        N/A       11%         2
 Freezing Cloud           Conj/Ice/Air   15%        6-21      19%         5
 Lesser Beckoning         Tloc           9%         N/A       22%         3
 Animate Dead             Necr           9%         N/A       58%         4
 Manifold Assault         Tloc           9%         N/A       90%         5
 Haunt                    Necr/Summ      4%         N/A       100%        7
 Infestation              Necr           4%         N/A       100%        8


Dungeon Overview and Level Annotations

Branches:
Dungeon (7/15)             Temple (0/1) D:5

Altars:
Ashenzari
Dithmenos
Wu Jian

Shops:
D:2 =

Annotations:
D:4 exclusion: ice beast
D:5 1 runed translucent door, exclusion: door, Bruhh's ghost, novice FoFi
D:6 exclusion: ice beast


Innate Abilities, Weirdness & Mutations

((You are very nimble when in or above water. (Stealth+, EV+, Speed+++)))
Your lower body shifts to a powerful aquatic tail in water.


Message History

The wight misses you.
Unknown command.
You hit the wight but do no damage.
The wight is lightly damaged.
The wight resists.
The wall freezes the wight.
The wight closely misses you.
The wight resists.
The wall freezes the wight.
The wight hits you with a +0 flail.
You feel drained.
You closely miss the wight.
The wight is lightly damaged.
The wight resists.
The wall freezes the wight.
The wight hits you with a +3 war axe of freezing!
The wight freezes you.
The wight completely resists.
The wall freezes the wight but does no damage.
The wight closely misses you.
The wight resists.
The wall freezes the wight.
The wight hits you with a +3 war axe of freezing!
You feel drained. The wight freezes you.
The wight resists.
The wall freezes the wight.
The wight hits you with a +0 flail.
You feel drained.
You hit the wight but do no damage.
The wight is moderately damaged.
The wight completely resists.
The wall freezes the wight but does no damage.
The wight hits you with a +3 war axe of freezing.
* * * LOW HITPOINT WARNING * * *
You feel drained.
* * * LOW HITPOINT WARNING * * *
The wight freezes you.
* * * LOW HITPOINT WARNING * * *
The wight resists.
The wall freezes the wight.
The wight barely misses you.
You hit the wight but do no damage.
The wight is moderately damaged.
The wight resists.
The wall freezes the wight.
The wight closely misses you.
The wight resists.
The wall freezes the wight.
The wight barely misses you.
You hit the wight.
The wight is moderately damaged.
The wight resists.
The wall freezes the wight.
The wight hits you with a +3 war axe of freezing!
* * * LOW HITPOINT WARNING * * *
You feel drained.
You die...

* #
.,##.###.####..##....
..#............).......
#...##.###.####..##....
* .....###.####..##....
*................... ,
#.###.###.#.###.#.
#...........##.### ,
#)###.###.###.## # ,
,#@# #.# #.# ##.###
#...zz# #.# #.# ##..#.
###.#.# #.# #.###...!#
#.#.# #.# #.#......#
#,#.# #.# #.#.#..>## *
# #.# #.# #.#.##.##
**#.#.###.###.#.##.# *
,....##...##.#.##.# *
#............).#.. ,


You could see 2 wights.

Vanquished Creatures
  Joseph (D:7)
  A troll (D:5)
  A hornet (D:7)
  2 wyverns
  A water moccasin (D:5)
  2 ice beasts (D:6)
  An orc warrior (D:6)
  A black bear (D:6)
  A phantom (D:5)
  A bullfrog (D:6)
  A necrophage (D:4)
  4 scorpions
  2 wights (D:7)
  3 hounds
  6 orc priests
  2 jellies
  11 orc wizards
  An iguana (D:6)
  5 adders
  9 gnolls
  A shadow imp (D:4)
  A white imp (D:6)
  4 worms
  4 dart slugs
  35 orcs
  7 endoplasms
  3 giant cockroaches
  7 goblins
  9 hobgoblins
  2 quokkas
  2 ball pythons
  8 bats
  2 frilled lizards
  7 kobolds
  7 rats
155 creatures vanquished.

Vanquished Creatures (others)
  5 fungi
5 creatures vanquished.

Grand Total: 160 creatures vanquished

Notes
Turn   | Place    | Note
-------+----------+-------------------------------------------
     0 | D:1      | Cthan the Merfolk Ice Elementalist began the quest for the
                  | Orb.
     0 | D:1      | Reached XP level 1. HP: 13/13 MP: 3/3
   362 | D:1      | Reached XP level 2. HP: 19/19 MP: 2/5
   691 | D:1      | Found a faded altar of an unknown god.
   800 | D:1      | Prayed at the altar of an unknown god.
   800 | D:1      | Became a worshipper of Ashenzari the Shackled
   915 | D:1      | Reached skill level 3 in Spellcasting
  1164 | D:1      | Reached XP level 3. HP: 24/24 MP: 7/7
  1184 | D:1      | Reached * piety under Ashenzari
  2014 | D:1      | Learned a level 3 spell: Frozen Ramparts
  2018 | D:1      | Learned a level 3 spell: Ozocubu's Armour
  2270 | D:2      | Found Akasac's Jewellery Shop.
  2563 | D:2      | Reached skill level 5 in Ice Magic
  2563 | D:2      | Reached XP level 4. HP: 30/30 MP: 5/10
  3471 | D:3      | Reached ** piety under Ashenzari
  3577 | D:3      | Found a broken altar of Ashenzari.
  3832 | D:3      | Reached XP level 5. HP: 7/35 MP: 2/12
  4873 | D:4      | Reached skill level 4 in Spellcasting
  4981 | D:4      | Reached XP level 6. HP: 25/41 MP: 1/14
  5576 | D:4      | Noticed an ice beast
  6136 | D:4      | HP: 1/41 [orc priest/divine providence (14)]
  6138 | D:4      | Reached skill level 1 in Poison Magic
  6138 | D:4      | Reached XP level 7. HP: 32/46 MP: 10/16
  6388 | D:4      | Found an ornate altar of the Wu Jian Council.
  6565 | D:5      | Entered Level 5 of the Dungeon
  6565 | D:5      | Noticed a wyvern
  6572 | D:5      | Killed a wyvern
  6968 | D:5      | Reached skill level 5 in Poison Magic
  7149 | D:5      | Noticed a troll
  7159 | D:5      | Killed a troll
  7160 | D:5      | Reached skill level 5 in Spellcasting
  7160 | D:5      | Reached XP level 8. HP: 29/52 MP: 7/18
  7461 | D:5      | Reached *** piety under Ashenzari
  7550 | D:5      | Reached skill level 1 in Conjurations
  7944 | D:5      | Found a runed translucent door.
  7947 | D:5      | Noticed Bruhh's ghost (novice FoFi)
  8151 | D:5      | Reached skill level 1 in Air Magic
  8441 | D:5      | Found a staircase to the Ecumenical Temple.
  8747 | D:6      | Learned a level 3 spell: Mephitic Cloud
  8751 | D:6      | Learned a level 3 spell: Ignite Poison
  9192 | D:6      | Reached XP level 9. HP: 32/58 MP: 14/19
  9721 | D:6      | Reached skill level 6 in Spellcasting
 10667 | D:6      | Found a shadowy altar of Dithmenos.
 10911 | D:6      | Learned a level 4 spell: Hailstorm
 11371 | D:7      | Noticed a hornet
 11377 | D:7      | Killed a hornet
 11378 | D:7      | Reached skill level 7 in Spellcasting
 11378 | D:7      | Noticed Joseph
 11395 | D:7      | Killed Joseph
 11664 | D:7      | Reached skill level 8 in Spellcasting
 11793 | D:7      | HP: 2/53 [wight/+3 war axe of freezing (9)]
 11793 | D:7      | Slain by a wight

Illustrated notes

Levels and vault maps discovered:
D:1:      roderic_chinese_lattice_arrival, layout_basic,
          dreamdust_ecumenical_altar_grove, minmay_crystal_water
D:2:      layout_loops_ring, serial_shops, shop
D:3:      layout_basic, cheibrodos_ashenzari_chains, grunt_decor_junction
D:4:      layout_gridville, nzn_wu_jian_council_hall
D:5:      layout_cave_pools, temple_hall, ebering_ghost_reflecting_pool,
          chequers_serial_rivers_micro_a, nrook_loot_triangle
D:6:      layout_loops_ring, nicolae_dithmenos_the_darkroom,
          dreamdust_gnoll_farm
D:7:      layout_loops_ring, minmay_guarded_unrand_finisher, uniq_joseph

Skill      XL: |  1  2  3  4  5  6  7  8  9 |
---------------+----------------------------+-----
Spellcasting   | 3 4 5 8 |  8.0
Ice Magic      | 5 6 |  6.7
Poison Magic   | 1 6 7 |  7.3
Conjurations   | 3 |  3.9
Air Magic      | 2 |  2.6
Fighting       | |  0.1
Short Blades   | |  0.5
Dodging        | |  2.6
Stealth        | |  2.1

Action                   |  1- 3 |  4- 6 |  7- 9 || total
-------------------------+-------+-------+-------++-------
Melee: Short sword       |    32 |    39 |   138 ||   209
       Punch             |       |       |     3 ||     3
Throw: Dart              |       |       |    17 ||    17
       Throwing net      |       |       |     3 ||     3
 Cast: Freeze            |    55 |    38 |    12 ||   105
       Frozen Ramparts   |       |    14 |    38 ||    52
       Ozocubu's Armour  |       |     8 |    23 ||    31
       Mephitic Cloud    |       |       |     6 ||     6
       Ignite Poison     |       |       |     3 ||     3
       Hailstorm         |       |       |     3 ||     3
Invok: Curse Item        |     2 |     2 |     1 ||     5
  Use: Potion            |       |     1 |     4 ||     5
       Scroll            |       |       |     1 ||     1
 Stab: Sleeping          |     3 |     2 |       ||     5
       Held in net/web   |       |       |     1 ||     1
Armor: Robe              |    15 |    14 |    47 ||    76
Dodge: Dodged            |    41 |    40 |   146 ||   227

Table legend: (Time is in decaauts)
 A = Elapsed time spent in this place.
 B = Non-inter-level travel time spent in this place.
 C = Inter-level travel time spent in this place.
 D = Time resting spent in this place.
 E = Time spent auto-exploring this place.
 F = Levels seen in this place.
 G = Mean time per level.
                   A        B        C        D        E       F      G
               +--------+--------+--------+--------+--------+-----+--------+
         Total |  11807 |  11684 |    123 |   6345 |   2861 |   7 | 1686.7 |
       Dungeon |  11807 |  11684 |    123 |   6345 |   2861 |   7 | 1686.7 |
               +--------+--------+--------+--------+--------+-----+--------+

Top non-repeatable levels by time:
     D:6: 2532 daAuts
     D:4: 2223 daAuts
     D:1: 2037 daAuts
     D:5: 1586 daAuts
     D:2: 1417 daAuts
     D:3: 1385 daAuts
     D:7: 624 daAuts
